 Dungeon Crawl Stone Soup version 0.28-a0-969-g2dcde036d2 (webtiles) character file.

Game seed: 2220716643577613514

266 HessuHobo the Ogre Mage (level 6, -5/53 HPs)
             Began as an Ogre Fire Elementalist on Dec 1, 2021.
             Slain by a black bear (8 damage)
             ... on level 2 of the Dungeon.
             The game lasted 00:04:12 (4108 turns).

HessuHobo the Ogre Mage (Ogre Fire Elementalist)    Turns: 4108, Time: 00:04:13

Health: -5/53      AC:  3    Str: 13    XL:     6   Next: 20%
Magic:  2/12       EV:  9    Int: 18    God:
Gold:   47         SH:  0    Dex:  9    Spells: 10/13 levels left

rFire   . . .      SeeInvis .   k - +0 scythe
rCold   . . .      Faith    .   (shield currently unavailable)
rNeg    . . .      Spirit   .   a - +0 robe
rPois   .          Reflect  .   (helmet restricted)
rElec   .          Harm     .   (no cloak)
rCorr   .          Rampage  .   (gloves unavailable)
Will    .....                   (boots unavailable)
Stlth   +.........              (no amulet)
HPRegen 0.17/turn               (no ring)
MPRegen 0.13/turn               (no ring)

@: no status effects
A: large, unfitting armour, tough skin 1
a: no special abilities


You were on level 2 of the Dungeon.
You visited 1 branch of the dungeon, and saw 3 of its levels.

You collected 47 gold pieces.

Inventory:

Hand Weapons
 b - a +0 dagger
 k - a +0 scythe (weapon)
Armour
 a - a +0 robe (worn)
Scrolls
 d - 2 scrolls of blinking {unknown}
 e - a scroll of fear {unknown}
 f - a scroll of identify {unknown}
 g - 4 scrolls of teleportation {unknown}
 h - 3 scrolls of immolation {unknown}
 j - a scroll of holy word {unknown}
Potions
 c - a potion of might {unknown}
 i - a potion of curing {unknown}


   Skills:
 - Level 1.7 Dodging
 - Level 1.4 Stealth
 + Level 4.4 Spellcasting
 + Level 3.1 Conjurations
 + Level 4.1 Fire Magic


You had 10 spell levels left.
You knew the following spells:

 Your Spells              Type           Power      Damage    Failure   Level
a - Foxfire               Conj/Fire      68%        2x1d7     3%          1
b - Scorch                Fire           38%        2d7       3%          2

Your spell library contained the following spells:

 Spells                   Type           Power      Damage    Failure   Level
 Conjure Flame            Conj/Fire      17%        6-21      10%         3
 Inner Flame              Hex/Fire       11%        N/A       19%         3
 Flame Wave               Conj/Fire      17%        2d5       30%         4


Dungeon Overview and Level Annotations

Branches:
Dungeon (3/15)

Altars:

Annotations:
D:3 Grinder


Innate Abilities, Weirdness & Mutations

You are too large for most types of armour.
You have tough skin. (AC +1)


Message History

The black bear claws you.
The black bear claws you but does no damage.
Casting: Scorch (safe; 3% risk of failure)
Confirm with . or Enter, or press ? or * to list all spells.
Flames lash the black bear.
The black bear is burned terribly!
The black bear is moderately wounded.
The quokka twitches its whiskers.
The quokka bites you but does no damage.
The black bear completely misses you.
The black bear claws you but does no damage.
The black bear claws you. The quokka bites you.
Casting: Scorch (safe; 3% risk of failure)
Confirm with . or Enter, or press ? or * to list all spells.
Flames lash the quokka.
The quokka is severely wounded.
The quokka's fire resistance burns away.
The black bear bites you.
* * * LOW HITPOINT WARNING * * *
The black bear claws you.
* * * LOW HITPOINT WARNING * * *
The black bear claws you.
* * * LOW HITPOINT WARNING * * *
The quokka bites you.
* * * LOW HITPOINT WARNING * * *
Casting: Scorch (safe; 3% risk of failure)
Confirm with . or Enter, or press ? or * to list all spells.
Flames lash the quokka.
The quokka is burned terribly!
You kill the quokka!
The black bear is no longer more vulnerable to fire.
The black bear bites you.
* * * LOW HITPOINT WARNING * * *
The black bear claws you but does no damage.
The black bear closely misses you.
Casting: Scorch (safe; 3% risk of failure)
Confirm with . or Enter, or press ? or * to list all spells.
Flames lash the black bear.
The black bear is moderately wounded.
The black bear's fire resistance burns away.
The black bear bites you!
You die...

##....#######..##.#
###........##..##.#
# #...#....###.##.#
#...#....# #.##.#
##..##...# #.##.#
## #..####.###.##.#
.####..........#..#
...###.....[......#
....####.......#@.#
###..# ####....##h#
.##..## ####.##.#
..#...# ###...##.#
..#...# ##.....##.#
......###......##.#
###....##..###†#).#
#....#...###.####
###....#...##..#


You could see a black bear (combustible).

Vanquished Creatures
  Sigmund (D:3)
  Robin (D:2)
  4 adders (D:2)
  A worm (D:2)
  A dart slug (D:2)
  7 ball pythons
  4 endoplasms (D:1)
  4 giant cockroaches
  7 goblins
  4 hobgoblins
  3 quokkas
  2 bats
  4 frilled lizards
  6 kobolds
  3 rats
52 creatures vanquished.

Vanquished Creatures (others)
  83 foxfires
83 creatures vanquished.

Grand Total: 135 creatures vanquished

Notes
Turn   | Place    | Note
-------+----------+-------------------------------------------
     0 | D:1      | HessuHobo the Ogre Fire Elementalist began the quest for
                  | the Orb.
     0 | D:1      | Reached XP level 1. HP: 16/16 MP: 3/3
    55 | D:1      | Reached skill level 1 in Conjurations
   433 | D:1      | Reached XP level 2. HP: 16/24 MP: 3/5
   996 | D:1      | Reached XP level 3. HP: 22/31 MP: 3/7
  1113 | D:1      | Learned a level 2 spell: Scorch
  1958 | D:2      | Noticed Robin
  2461 | D:2      | Reached XP level 4. HP: 32/39 MP: 5/9
  3014 | D:2      | Killed Robin
  3828 | D:3      | Noticed Sigmund
  3852 | D:3      | Killed Sigmund
  3853 | D:3      | Reached XP level 5. HP: 11/45 MP: 3/11
  3853 | D:3      | Reached XP level 6. HP: 13/53 MP: 3/12
  4093 | D:3      | Noticed Grinder
  4094 | D:3      | Noticed a black bear
  4108 | D:2      | Slain by a black bear

Illustrated notes

Levels and vault maps discovered:
D:1:      psy_arrival_radial02, layout_basic
D:2:      minmay_recursive_quarters, layout_loops_ring, uniq_robin
D:3:      layout_basic, portal_sewer_entry_f, st_stairs_13, uniq_sigmund,
          uniq_grinder

Skill      XL: |  1  2  3  4 |
---------------+-------------+-----
Conjurations   | 1 2 3 |  3.1
Fire Magic     | 3 4 |  4.1
Spellcasting   | 3 4 |  4.4
Dodging        | |  1.7
Stealth        | |  1.4

Action                   |  1- 3 |  4- 6 || total
-------------------------+-------+-------++-------
Melee: Dagger            |    43 |    15 ||    58
       Scythe            |       |     1 ||     1
 Cast: Foxfire           |    47 |    13 ||    60
       Scorch            |     7 |    19 ||    26
  Use: Potion            |       |     1 ||     1
Armor: Robe              |    26 |    13 ||    39
Dodge: Dodged            |    24 |    28 ||    52

Table legend: (Time is in decaauts)
 A = Elapsed time spent in this place.
 B = Non-inter-level travel time spent in this place.
 C = Inter-level travel time spent in this place.
 D = Time resting spent in this place.
 E = Time spent auto-exploring this place.
 F = Levels seen in this place.
 G = Mean time per level.
                   A        B        C        D        E       F      G
               +--------+--------+--------+--------+--------+-----+--------+
         Total |   4130 |   4034 |     96 |   2364 |   1054 |   3 | 1376.7 |
       Dungeon |   4130 |   4034 |     96 |   2364 |   1054 |   3 | 1376.7 |
               +--------+--------+--------+--------+--------+-----+--------+

Top non-repeatable levels by time:
     D:2: 1944 daAuts
     D:1: 1899 daAuts
     D:3: 286 daAuts
